 Dungeon Crawl Stone Soup version 0.23.2-40-g277498a001 (webtiles) character file.

Game seed: 9402297604501710287

9 MalarOregon the Digger (level 2, 0/15 HPs)
             Began as a Gargoyle Earth Elementalist on Aug 31, 2019.
             Slain by a jackal (3 damage)
             ... on level 1 of the Dungeon.
             The game lasted 00:00:51 (495 turns).

MalarOregon the Digger (Gargoyle Earth Elementalist) Turns: 495, Time: 00:00:52

Health: 0/15       AC:  4    Str: 11    XL:     2   Next: 16%
Magic:  0/5        EV: 12    Int: 15    God:
Gold:   25         SH:  0    Dex: 10    Spells: 4/5 levels left

rFire    . . .     SeeInvis .   (no weapon)
rCold    . . .     Gourm    .   (no shield)
rNeg     + . .     Faith    .   c - +0 robe
rPois    ∞         Spirit   .   (no helmet)
rElec    +         Reflect  .   (no cloak)
rCorr    .         Harm     .   (no gloves)
MR       .....                  (no boots)
Stlth    ++........             (no amulet)
HPRegen  0.05/turn              (no ring)
MPRegen  0.09/turn              (no ring)

@: no status effects
A: negative energy resistance 1, electricity resistance, unbreathing,
petrification resistance, rot immunity, AC +2
a: no special abilities


You were on level 1 of the Dungeon.
You were not hungry.

You visited 1 branch of the dungeon, and saw 1 of its levels.

You collected 25 gold pieces.

Inventory:

Missiles
 b - 32 stones (quivered)
 j - a throwing net {!f}
Armour
 c - a +0 robe (worn)
Jewellery
 d - a cursed ring of attention {unknown}
   (You found it on level 1 of the Dungeon)
 f - a +1 ring of protection {unknown}
   (You found it on level 1 of the Dungeon)
Scrolls
 h - a scroll of magic mapping {unknown}
Potions
 a - 2 potions of curing {unknown}
 g - a potion of flight {unknown}
 k - a potion of degeneration {unknown}
Comestibles
 e - 2 rations {!d}
 i - a chunk of flesh


   Skills:
 - Level 1.5 Dodging
 - Level 2.1 Stealth
 + Level 2.2 Spellcasting
   Level 0.7 Transmutations
 * Level 4.2 Earth Magic


You had 4 spell levels left.
You knew the following spells:

 Your Spells              Type           Power        Failure   Level  Hunger
a - Sandblast             Erth           ##....       3%          1    #......

Your spell library contained the following spells:

 Spells                   Type           Power        Failure   Level  Hunger
 Passwall                 Tmut/Erth      #.......     12%         2    ###....
 Stone Arrow              Conj/Erth      #.....       28%         3    ###....
 Petrify                  Tmut/Erth      #.......     61%         4    #####..
 Lee's Rapid Deconstruct  Erth           ##........   71%         5    ######.


Dungeon Overview and Level Annotations

Branches:
Dungeon (1/15)

Altars:


Innate Abilities, Weirdness & Mutations

You are resistant to torment.
Your stone body is resilient. (AC +2)
You are immune to poison.
You resist negative energy. (rN+)
You are resistant to electric shocks. (rElec)
You can survive without breathing.
You are immune to petrification.
You are immune to rotting.


Message History

A jackal comes into view.
Aim: a jackal The blast of sand hits the jackal.
b - 37 stones The jackal barks!
The jackal barely misses you. The jackal bites you.
Aim: a jackal (almost dead)
The blast of sand misses the jackal.
b - 36 stones The jackal bites you but does no damage.
The jackal barely misses you. The jackal bites you.
Aim: a jackal (almost dead)
The blast of sand misses the jackal.
The blast of sand hits the jackal.
You kill the jackal!
b - 35 stones The jackal barely misses you.
The jackal misses you.
Aim: a jackal The blast of sand hits the jackal but does no damage.
b - 34 stones
Aim: a jackal The blast of sand hits the jackal.
b - 33 stones The jackal completely misses you.
You hit the jackal but do no damage. The jackal closely misses you.
A rat comes into view.
The jackal misses you.
You barely miss the jackal. The jackal bites you.
You closely miss the jackal. The jackal bites you. x2
You closely miss the jackal. The jackal barely misses you.
Aim: a jackal The blast of sand hits the jackal.
You kill the jackal!
b - 32 stones You barely miss the jackal.
The jackal barely misses you. The jackal misses you.
You hit the jackal but do no damage.
The jackal bites you but does no damage.
You barely miss the jackal. The jackal bites you.
* * * LOW HITPOINT WARNING * * *
The jackal bites you.
* * * LOW HITPOINT WARNING * * *
You hit the jackal but do no damage.
The jackal bites you but does no damage.
You closely miss the jackal. The jackal bites you.
* * * LOW HITPOINT WARNING * * *
You barely miss the jackal. The jackal bites you.
* * * LOW HITPOINT WARNING * * *
The jackal bites you.
You die...

.... ##.#.##
.... #.###.#
... ##.#.##
#.# #.#.#.#
########.#####
##.#.##
.............#
#.###.#
#.....h.h....#
##.#.##
.......#h##.##
#.#.#.#
#.###..#@##.##
##.#.##
#..#.....#
#.###.#
#..#.....#
##.#.##
#..###...#
#.#.#
#..###.÷.#
##.#.##
##........#
#.###.#
..........#
##.#.##
##..####.##
#.#.#
###.###..# #.#
##.#.##


You could see 2 jackals.

Vanquished Creatures
  A goblin (D:1)
  3 jackals (D:1)
  A kobold (D:1)
  A bat (D:1)
  A frilled lizard (D:1)
  2 rats (D:1)
9 creatures vanquished.

Notes
Turn   | Place    | Note
-------+----------+-------------------------------------------
     0 | D:1      | MalarOregon the Gargoyle Earth Elementalist began the quest
                  | for the Orb.
     0 | D:1      | Reached XP level 1. HP: 10/10 MP: 3/3
   409 | D:1      | Reached skill level 4 in Earth Magic
   410 | D:1      | Reached XP level 2. HP: 12/15 MP: 1/5
   495 | D:1      | Slain by a jackal

Skill      XL: |  1 |
---------------+----+-----
Earth Magic    | 4 |  4.2
Dodging        | |  1.5
Stealth        | |  2.1
Spellcasting   | |  2.2
Transmutations | |  0.7

Action                   || total
-------------------------++-------
Melee: Unarmed           ||    36
 Cast: Sandblast         ||    14
Armor: Robe              ||    13
Dodge: Dodged            ||    24
